 Dungeon Crawl Stone Soup version 0.19.0-2-gae57169 (webtiles) character file.

29320 HungrySpirit the Bludgeoner (level 13, -7/87 HPs)
             Began as a Gargoyle Fighter on Nov 4, 2016.
             Was the Champion of Okawaru.
             Killed from afar by a fire dragon (67 damage)
             ... with a blast of flame
             ... on level 4 of the Lair of Beasts.
             The game lasted 00:21:41 (16600 turns).

HungrySpirit the Bludgeoner (Gargoyle Fighter)     Turns: 16600, Time: 00:21:42

Health: -7/87      AC: 30    Str: 26    XL:     13   Next: 44%
Magic:  19/19      EV:  7    Int: 13    God:    Okawaru [******]
Gold:   762        SH:  0    Dex:  7    Spells: 0 memorised, 12 levels left

rFire  . . .     SeeInvis .     K - +3 dire flail (crush)
rCold  . . .     Gourm    .     g - +1 plate armour
rNeg   + . .     Faith    .     (shield currently unavailable)
rPois  ∞         Spirit   .     E - +0 helmet
rElec  +         Reflect  .     (no cloak)
rCorr  .         Harm     .     N - +0 pair of gloves
MR     .....                    P - +1 pair of boots {Stlth+}
Stlth  ..........               O - amulet of regeneration
                                h - ring "Capol" {+Blink rPois Int+5 Dex-2}
                                r - +4 ring of protection

@: no status effects
A: negative energy resistance 1, electricity resistance, unbreathing,
petrification resistance, rot immunity, AC +9
a: Heroism, Finesse, Renounce Religion, Evoke Blink


You were on level 4 of the Lair of Beasts.
You worshipped Okawaru.
Okawaru was exalted by your worship.
You were very hungry.

You visited 3 branches of the dungeon, and saw 17 of its levels.

You collected 843 gold pieces.
You spent 81 gold pieces at shops.

Inventory:

Hand Weapons
 j - a +1 flail of holy wrath
 K - a +3 dire flail of crushing (weapon)
Missiles
 D - a throwing net (quivered)
Armour
 c - a +0 shield
 g - a +1 plate armour (worn)
 E - a +0 helmet (worn)
 N - a +0 pair of gloves (worn)
 P - a +1 pair of boots of stealth (worn)
Jewellery
 e - an uncursed ring of positive energy
 h - the ring "Capol" (right hand) {+Blink rPois Int+5 Dex-2}
   (You found it on level 4 of the Lair of Beasts)

   [ring of poison resistance]

   It affects your intelligence (+5).
   It affects your dexterity (-2).
   It protects you from poison.
   It lets you blink.
 o - an uncursed ring of protection from magic
 p - an uncursed ring of ice
 r - a +4 ring of protection (left hand)
 O - an amulet of regeneration (around neck)
Wands
 M - a wand of digging (19/24)
Scrolls
 a - 4 scrolls of blinking
 d - 2 scrolls of fear
 i - 2 scrolls of remove curse
 k - 5 scrolls of teleportation
 l - a scroll of recharging
 m - 2 scrolls of random uselessness
 q - 2 scrolls of identify
 y - 2 scrolls of enchant weapon
 B - 2 scrolls of enchant armour
 C - a scroll of amnesia
 R - 3 scrolls of magic mapping
 U - a scroll of summoning
Potions
 n - 3 potions of curing
 s - 3 potions of heal wounds
 t - 3 potions of haste
 v - 3 potions of degeneration
 w - 3 potions of brilliance
 x - 3 potions of agility
 z - a potion of lignification
 F - 3 potions of mutation
 J - a potion of ambrosia
 W - a potion of invisibility
 X - a potion of cancellation
Comestibles
 b - 7 meat rations
 f - 8 bread rations
 u - a slice of pizza
 S - a beef jerky
 T - 5 fruits


   Skills:
 + Level 12.8 Fighting
 * Level 16.6 Maces & Flails
 - Level 3.2 Armour
 - Level 3.2 Shields
 - Level 9.1 Invocations


You had 12 spell levels left.
You didn't know any spells.

Dungeon Overview and Level Annotations

Branches:
Dungeon (12/15)            Temple (1/1) D:7            Lair (4/6) D:9
 Shoals (0/4) Lair:3        Snake (0/4) Lair:4          Orc (0/2) D:11

Altars:
Ashenzari
Cheibriados
Dithmenos
Elyvilon
Fedhas
Gozag
Hepliaklqana
Kikubaaqudgha
Okawaru
Qazlal
Ru
Trog
Uskayaw
Vehumet
Xom
Yredelemnul
Zin
The Shining One

Shops:
D:7 [


Innate Abilities, Weirdness & Mutations

You are resistant to torment.
Your stone body is resilient. (AC +9)
You are immune to poison.
You resist negative energy. (rN+)
You are resistant to electric shocks. (rElec)
You can survive without breathing.
You are immune to petrification.
You are immune to rotting.


Message History

You impale the blink frog!!
You kill the blink frog!
Okawaru accepts your kill.
You thump the blink frog!
You kill the blink frog!
Okawaru accepts your kill.
Found 42 gold pieces and a scroll of teleportation.
Found 27 stones, 30 gold pieces and a lumpy coppery potion.
You enter the shallow water.
Moving in this stuff is going to be slow.
The fire dragon bites you! The fire dragon closely misses you.
The fire dragon tramples you but does no damage.
The fire dragon bites you but does no damage.
The fire dragon claws you but does no damage.
The fire dragon tramples you but does no damage.
Found a scroll of random uselessness and a shortbow.
The fire dragon breathes flames at you. The blast of flame hits you!
Ouch! That really hurt!
You die...

#.# ..# ##≈≈≈# ### ≈≈≈≈≈≈
# ######≈≈≈≈≈≈ #
####...≈≈≈≈≈≈≈≈ ######
##.......≈≈≈≈≈≈≈
.....#####........≈≈≈≈≈≈≈
####.†.†.........≈≈≈≈≈≈≈≈
#####........@§D≈≈$$≈≈
###.....†≈≈≈..$$(?
##....≈≈≈....?$)
###..≈≈≈≈....!#
####≈≈≈###### #####


You could see a fire dragon.

Vanquished Creatures
  Snorg (D:10)
  Harold (Lair:2)
  A catoblepas (Lair:4)
  3 hydras (Lair:3)
  6 death yaks (Lair:2)
  3 cyclopes
  3 elephants
  4 spiny frogs
  A kobold demonologist (D:8)
  A rime drake (Lair:1)
  4 komodo dragons
  2 trolls (D:11)
  A hornet (D:10)
  Prince Ribbit (D:6)
  8 blink frogs
  5 hippogriffs
  A centaur simulacrum (D:12)
  Sigmund (D:6)
  A wyvern (D:11)
  A vampire (D:12)
  9 yaks
  2 hungry ghosts
  Edmund (D:6)
  Menkaure (D:6)
  6 nagas (Lair:4)
  2 wargs (D:9)
  7 water moccasins
  8 porcupines
  11 orc warriors
  2 black bears
  4 sky beasts
  4 ogres
  2 phantoms
  A necrophage (D:9)
  5 crocodiles
  19 centaurs
  11 big kobolds
  Blork the orc (D:6)
  10 bullfrogs
  6 gnoll sergeants
  6 scorpions
  7 killer bees (D:8)
  4 howler monkeys
  A centaur zombie (D:8)
  2 crimson imps
  A bullfrog zombie (D:10)
  A quasit (D:10)
  2 orc priests
  A hound (D:9)
  A bullfrog skeleton (D:9)
  An iguana (D:6)
  13 orc wizards
  4 gnoll shamans
  7 hell rats
  10 worker ants
  A hound zombie (D:6)
  A hound skeleton (D:8)
  2 worker ant zombies
  31 gnolls
  6 adders
  A shadow imp (D:8)
  A white imp (D:12)
  An ooze (D:4)
  2 worms
  2 dart slugs
  5 leopard geckos
  40 orcs
  9 giant cockroaches
  4 goblins
  9 hobgoblins
  34 jackals
  4 quokkas
  6 bats
  3 frilled lizards
  10 kobolds
  9 rats
403 creatures vanquished.

Vanquished Creatures (others)
  Psyche (D:11)
  An orc wizard (D:11)
2 creatures vanquished.

Grand Total: 405 creatures vanquished

Notes
Turn   | Place    | Note
-------+----------+-------------------------------------------
     0 | D:1      | HungrySpirit the Gargoyle Fighter began the quest for the Orb.
     0 | D:1      | Reached XP level 1. HP: 14/14 MP: 1/1
    99 | D:1      | Reached XP level 2. HP: 12/19 MP: 2/2
   395 | D:1      | Reached skill level 3 in Maces & Flails
   512 | D:1      | Reached XP level 3. HP: 14/23 MP: 3/3
  1074 | D:2      | Reached skill level 4 in Maces & Flails
  1430 | D:2      | Reached XP level 4. HP: 23/28 MP: 4/4
  1805 | D:3      | Noticed a sky beast
  1851 | D:3      | Killed a sky beast
  1851 | D:3      | Reached skill level 5 in Maces & Flails
  1851 | D:3      | Reached XP level 5. HP: 14/32 MP: 5/5
  2978 | D:3      | Reached XP level 6. HP: 34/37 MP: 6/6
  2979 | D:3      | Reached skill level 6 in Maces & Flails
  3749 | D:3      | Reached XP level 7. HP: 33/43 MP: 7/7
  3834 | D:3      | Reached skill level 7 in Maces & Flails
  4278 | D:4      | Reached skill level 5 in Fighting
  4488 | D:4      | Reached skill level 8 in Maces & Flails
  4804 | D:4      | Reached XP level 8. HP: 48/49 MP: 8/8
  5235 | D:5      | Entered Level 5 of the Dungeon
  5746 | D:6      | Noticed Sigmund
  5755 | D:6      | Killed Sigmund
  5755 | D:6      | Reached skill level 9 in Maces & Flails
  6252 | D:6      | Reached XP level 9. HP: 56/56 MP: 9/9
  6357 | D:6      | Reached skill level 10 in Maces & Flails
  6369 | D:6      | Noticed Menkaure
  6383 | D:6      | Killed Menkaure
  6591 | D:6      | Noticed Prince Ribbit
  6717 | D:6      | Killed Prince Ribbit
  6744 | D:6      | Noticed Edmund
  6769 | D:6      | Killed Edmund
  6997 | D:6      | Noticed Blork the orc
  7004 | D:6      | Killed Blork the orc
  7152 | D:7      | Reached skill level 11 in Maces & Flails
  7255 | D:7      | Found a staircase to the Ecumenical Temple.
  7427 | D:7      | Reached XP level 10. HP: 63/65 MP: 10/10
  7450 | Temple   | Entered the Ecumenical Temple
  7546 | Temple   | Became a worshipper of Warmaster Okawaru
  7799 | D:7      | Found Emac's Antique Armour Shoppe.
  7804 | D:7      | Bought a helmet for 81 gold pieces
  8257 | D:8      | Reached skill level 12 in Maces & Flails
  8466 | D:8      | Reached skill level 1 in Invocations
  8781 | D:8      | Noticed a kobold demonologist
  8792 | D:8      | Killed a kobold demonologist
  8792 | D:8      | Reached * piety under Okawaru
  9103 | D:9      | Found a staircase to the Lair.
  9141 | D:9      | Reached ** piety under Okawaru
  9777 | D:9      | Reached skill level 13 in Maces & Flails
 10320 | D:10     | Entered Level 10 of the Dungeon
 10383 | D:10     | Reached XP level 11. HP: 55/72 MP: 12/14
 10388 | D:10     | Reached skill level 10 in Fighting
 10394 | D:10     | Reached *** piety under Okawaru
 10644 | D:10     | Noticed a cyclops
 10664 | D:10     | Killed a cyclops
 11093 | D:10     | Noticed Snorg
 11099 | D:10     | Killed Snorg
 11099 | D:10     | Reached skill level 5 in Invocations
 11289 | D:10     | Reached **** piety under Okawaru
 11798 | D:11     | Noticed Psyche
 11809 | D:11     | Killed Psyche
 12055 | D:11     | Noticed a cyclops
 12055 | D:11     | Noticed a cyclops
 12066 | D:11     | Killed a cyclops
 12066 | D:11     | Reached skill level 14 in Maces & Flails
 12068 | D:11     | Killed a cyclops
 12359 | D:11     | Found a staircase to the Orcish Mines.
 12367 | D:11     | Reached ***** piety under Okawaru
 12453 | D:11     | Reached XP level 12. HP: 37/80 MP: 17/17
 12664 | D:11     | Found a glowing golden altar of the Shining One.
 13016 | Lair:1   | Entered Level 1 of the Lair of Beasts
 13971 | Lair:1   | Gained mutation: You are dopey. (Int -2) [potion of mutation]
 13971 | Lair:1   | Gained mutation: You are partially covered in rugged brown scales. (AC +1, +3% HP) [potion of mutation]
 13971 | Lair:1   | Gained mutation: Scrolls take you a little longer to read. [potion of mutation]
 13974 | Lair:1   | Lost mutation: Scrolls take you a little longer to read. [potion of cure mutation]
 13974 | Lair:1   | Lost mutation: You are dopey. (Int -2) [potion of cure mutation]
 13974 | Lair:1   | Lost mutation: You are partially covered in rugged brown scales. (AC +1, +3% HP) [potion of cure mutation]
 14212 | Lair:2   | Noticed Harold
 14228 | Lair:2   | Killed Harold
 14228 | Lair:2   | Reached skill level 15 in Maces & Flails
 14334 | Lair:2   | Noticed a death yak
 14349 | Lair:2   | Killed a death yak
 14350 | Lair:2   | Noticed a death yak
 14351 | Lair:2   | Noticed a death yak
 14352 | Lair:2   | Noticed a death yak
 14352 | Lair:2   | Noticed a death yak
 14352 | Lair:2   | Noticed a death yak
 14359 | Lair:2   | Killed a death yak
 14364 | Lair:2   | Killed a death yak
 14374 | Lair:2   | Killed a death yak
 14374 | Lair:2   | Reached ****** piety under Okawaru
 14384 | Lair:2   | Killed a death yak
 14384 | Lair:2   | Received a gift from Okawaru
 14389 | Lair:2   | Killed a death yak
 14901 | Lair:3   | Found a staircase to the Shoals.
 14935 | Lair:3   | Noticed a six-headed hydra
 14942 | Lair:3   | Killed a six-headed hydra
 14987 | Lair:3   | Noticed a seven-headed hydra
 14994 | Lair:3   | Killed a seven-headed hydra
 14994 | Lair:3   | Reached XP level 13. HP: 79/86 MP: 19/19
 15219 | Lair:3   | Reached skill level 16 in Maces & Flails
 15915 | Lair:4   | Got a slimy silver ring
 15949 | Lair:4   | Identified the ring "Capol" {+Blink rPois Int+5 Dex-2} (You found it on level 4 of the Lair of Beasts)
 16103 | Lair:4   | Found a staircase to the Snake Pit.
 16595 | Lair:4   | Noticed a fire dragon
 16600 | Lair:4   | Killed from afar by a fire dragon

Skill      XL: |  1  2  3  4  5  6  7  8  9 10 11 12 13 |
---------------+----------------------------------------+-----
Maces & Flails | 3 4 5 6 8 9 11 13 14 15 16 | 16.6
Fighting       | 4 5 6 8 9 11 12 | 12.8
Invocations    | 4 6 8 9 |  9.1
Armour         | |  3.2
Shields        | |  3.2

Action                   |  1- 3 |  4- 6 |  7- 9 | 10-12 | 13-15 || total
-------------------------+-------+-------+-------+-------+-------++-------
Melee: Flail             |   153 |   230 |   436 |       |       ||   819
       Dire flail        |       |       |       |   760 |   189 ||   949
Invok: Heroism           |       |       |       |     6 |     1 ||     7
  Use: Potion            |     1 |     1 |     1 |     8 |       ||    11
       Scroll            |       |       |     2 |    22 |       ||    24
  Eat: Chunk             |     2 |     8 |     9 |    22 |     4 ||    45
       Beef jerky        |       |       |     2 |     2 |       ||     4
       Pizza             |       |       |     1 |     1 |       ||     2
       Royal jelly       |       |       |     1 |       |       ||     1
Armor: Plate armour      |   247 |   278 |   302 |   604 |   130 ||  1561
Dodge: Dodged            |    90 |   105 |   119 |   233 |    63 ||   610
